 Dungeon Crawl Stone Soup version 0.28-a0-697-g47f3eba078 (webtiles) character file.

Game seed: 13430109539154151055

707 tatocazan the Skirmisher (level 7, -3/56 HPs)
             Began as a Demonspawn Fighter on Oct 23, 2021.
             Slain by a large abomination (18 damage)
             ... on level 1 of the Abyss.
             The game lasted 00:07:17 (5231 turns).

tatocazan the Skirmisher (Demonspawn Fighter)       Turns: 5231, Time: 00:07:17

Health: -3/56      AC: 17    Str: 17 (18) XL:     7   Next: 39%
Magic:  7/7        EV:  7    Int:  8 (10) God:
Gold:   189        SH:  4    Dex:  9 (12) Spells: 6/6 levels left

rFire   . . .      SeeInvis +   g - +2 whip (venom)
rCold   . . .      Faith    .   c - +0 buckler
rNeg    . . .      Spirit   .   n - +0 chain mail
rPois   .          Reflect  .   (no helmet)
rElec   .          Harm     .   s - +1 cloak
rCorr   .          Rampage  .   (no gloves)
Will    .....                   (no boots)
Stlth   ..........              (no amulet)
HPRegen 0.18/turn               f - ring of see invisible
MPRegen 0.20/turn               (no ring)

@: sanguine armoured
A: spiny 1, magic regeneration, sanguine armour 1, demonic touch 1
a: no special abilities


You were on level 1 of the Abyss.
You visited 1 branch of the dungeon, and saw 4 of its levels.
You visited the Abyss 1 time.

You collected 189 gold pieces.

Inventory:

Hand Weapons
 a - a +0 war axe
 g - a +2 whip of venom (weapon)
Armour
 c - a +0 buckler (worn)
 n - a +0 chain mail (worn)
 s - a +1 cloak (worn)
Jewellery
 e - a +6 ring of intelligence
 f - a ring of see invisible (left hand)
Scrolls
 b - 2 scrolls of identify
 k - a scroll of enchant armour
Potions
 d - a potion of ambrosia {unknown}
 h - a potion of resistance
 l - 2 potions of lignification
 p - a potion of cancellation


   Skills:
 + Level 5.0 Fighting
 + Level 4.0 Axes
 + Level 4.5 Armour
 + Level 4.6 Shields


You had 6 spell levels left.
You didn't know any spells.
Your spell library contained the following spells:

 Spells                   Type           Power      Damage    Failure   Level
 Corpse Rot               Necr/Air       0%         N/A       100%        2
 Dispel Undead            Necr           0%         3d6       100%        4
 Summon Lightning Spire   Summ/Air       0%         N/A       100%        4
 Death Channel            Necr           0%         N/A       100%        6
 Storm Form               Tmut/Air       0%         N/A       100%        7
 Maxwell's Capacitive Co  Air            0%         ∞         100%        8


Dungeon Overview and Level Annotations

Branches:
Dungeon (4/15)
 Temple: D:4-7

Altars:
Qazlal
Xom

Annotations:
D:2 1 runed translucent door, Crazy Yiuf


Innate Abilities, Weirdness & Mutations

You are partially covered in sharp spines.
You regenerate magic rapidly.
When seriously injured, your bleeding wounds create armour. (AC +6)
Your touch may inflict minor irresistible damage on your foes.


Message History

You take 4 damage, and have 24/56 hp.
You hit the white imp.
You kill the white imp!
You start resting.
You start resting.
Your blood armour dries and flakes away.
You regained 13 hp, and now have 38/56 hp.
You start resting.
You start resting.
A large abomination comes into view.
You regained 6 hp, and now have 44/56 hp.
Really quaff the potion of lignification?
Okay, then.
Okay, then.
You hit the large abomination but do no damage.
The large abomination barely misses you.
You hit the large abomination but do no damage.
The large abomination hits you!
Your blood congeals into armour.
You take 15 damage, and have 29/56 hp.
MASSIVE DAMAGE!!
You whack the large abomination!
The large abomination is lightly damaged.
You block the large abomination's attack.
You hit the large abomination but do no damage.
The large abomination is lightly damaged.
The large abomination hits you!
* * * LOW HITPOINT WARNING * * *
You take 14 damage, and have 16/56 hp.
MASSIVE DAMAGE!!
You hit the large abomination.
The large abomination is moderately damaged.
The large abomination hits you.
* * * LOW HITPOINT WARNING * * *
You take 1 damage, and have 15/56 hp.
You hit the large abomination but do no damage.
The large abomination is moderately damaged.
The large abomination is struck by your spines.
The large abomination barely misses you.
You barely miss the large abomination.
The large abomination is moderately damaged.
The large abomination hits you!!
You die...

. .
. #.
. .
.# #
.##
..#
##X#
.
#@##
###


You could see a large abomination.

Vanquished Creatures
  Menkaure (D:4)
  A chaos spawn (Abyss:1)
  2 necrophages (D:4)
  A black bear (D:4)
  A gnoll shaman (D:3)
  Natasha (thrice) (D:2)
  An adder (D:2)
  4 gnolls
  A white imp (Abyss:1)
  A worm (D:2)
  2 dart slugs
  3 orcs (D:4)
  8 endoplasms
  5 giant cockroaches
  11 goblins
  6 hobgoblins
  7 quokkas
  4 ball pythons
  5 bats
  4 frilled lizards
  6 kobolds
  8 rats
85 creatures vanquished.

Notes
Turn   | Place    | Note
-------+----------+-------------------------------------------
     0 | D:1      | tatocazan the Demonspawn Fighter began the quest for the
                  | Orb.
     0 | D:1      | Reached XP level 1. HP: 18/18 MP: 1/1
   106 | D:1      | Gained mutation: Your touch may inflict minor irresistible
                  | damage on your foes. [demonic ancestry]
   106 | D:1      | Reached XP level 2. HP: 18/24 MP: 2/2
  1249 | D:1      | Reached XP level 3. HP: 29/29 MP: 3/3
  2101 | D:2      | Found a runed translucent door.
  2102 | D:2      | Noticed Crazy Yiuf
  2321 | D:2      | Found a stormy altar of Qazlal.
  2626 | D:2      | Noticed Natasha
  2634 | D:2      | Killed Natasha
  2635 | D:2      | Gained mutation: When seriously injured, your bleeding
                  | wounds create armour. (AC +6) [demonic ancestry]
  2635 | D:2      | Reached XP level 4. HP: 29/35 MP: 4/4
  2645 | D:2      | Noticed Natasha
  2651 | D:2      | Killed Natasha
  2660 | D:2      | Noticed Natasha
  2668 | D:2      | Killed Natasha
  2669 | D:2      | Reached XP level 5. HP: 36/42 MP: 5/5
  3533 | D:3      | Found a faded altar of an unknown god.
  3808 | D:4      | Noticed a necrophage
  3812 | D:4      | Noticed Menkaure
  3820 | D:4      | Killed a necrophage
  3821 | D:4      | Reached skill level 4 in Fighting
  3821 | D:4      | Noticed a black bear
  3826 | D:4      | Killed Menkaure
  3827 | D:4      | Gained mutation: You regenerate magic rapidly. [demonic
                  | ancestry]
  3827 | D:4      | Reached XP level 6. HP: 9/49 MP: 6/6
  4527 | D:4      | Found a shimmering altar of Xom.
  4627 | D:4      | Gained mutation: You are partially covered in sharp spines.
                  | [demonic ancestry]
  4627 | D:4      | Reached XP level 7. HP: 47/55 MP: 7/7
  4804 | D:4      | Cast into level 1 of the Abyss (gnoll)
  5031 | Abyss:1  | Noticed a chaos spawn
  5037 | Abyss:1  | Killed a chaos spawn
  5038 | Abyss:1  | Reached skill level 5 in Fighting
  5222 | Abyss:1  | Noticed a large abomination
  5231 | Abyss:1  | Slain by a large abomination

Illustrated notes

Levels and vault maps discovered:
D:1:      dpeg_arrival_arbitrary_c, layout_rooms, minmay_misc_feat_nine_boxes,
          minmay_tromino_mix6
D:2:      layout_loops_ring, basic_altar, minmay_crystal_water, minmay_tall_x,
          uniq_natasha, uniq_crazy_yiuf_cottage
D:3:      layout_basic, hellmonk_ecumenical_altar_slurped_away
D:4:      layout_layer_cave, mainiacjoe_overflow_alcove_1, uniq_menkaure
Abyss:1:  base:
D:4

Skill      XL: |  1  2  3  4  5  6  7 |
---------------+----------------------+-----
Axes           | 2 3 4 |  4.0
Shields        | 3 4 |  4.6
Armour         | 3 4 |  4.5
Fighting       | 4 5 |  5.0

Action                   |  1- 3 |  4- 6 |  7- 9 || total
-------------------------+-------+-------+-------++-------
Melee: War axe           |    85 |       |       ||    85
       Whip              |    66 |   106 |    16 ||   188
  Use: Potion            |     4 |     1 |     1 ||     6
       Scroll            |       |     9 |       ||     9
Armor: Scale mail        |    76 |       |       ||    76
       Chain mail        |     7 |    46 |     2 ||    55
Dodge: Dodged            |    70 |    31 |     4 ||   105
Block: Buckler           |    50 |    13 |     1 ||    64

Table legend: (Time is in decaauts)
 A = Elapsed time spent in this place.
 B = Non-inter-level travel time spent in this place.
 C = Inter-level travel time spent in this place.
 D = Time resting spent in this place.
 E = Time spent auto-exploring this place.
 F = Levels seen in this place.
 G = Mean time per level.
                   A        B        C        D        E       F      G
               +--------+--------+--------+--------+--------+-----+--------+
         Total |   5274 |   5028 |    246 |   2072 |   2268 |   5 | 1054.8 |
       Dungeon |   4847 |   4601 |    246 |   1685 |   2268 |   4 | 1211.8 |
         Abyss |    426 |    426 |      0 |    387 |      0 |   1 |  426.0 |
               +--------+--------+--------+--------+--------+-----+--------+

Top non-repeatable levels by time:
     D:1: 1822 daAuts
     D:2: 1202 daAuts
     D:3: 1040 daAuts
     D:4: 781 daAuts
 Abyss:1: 426 daAuts
